 Dungeon Crawl Stone Soup version 0.24-a0-422-g9eff3895ba (webtiles) character file.

Game seed: 598335364324029871

100 Azzok the Chopper (level 5, 0/41 HPs)
             Began as a Formicid Fighter on June 12, 2019.
             Slain by a gnoll
             ... wielding a +0 whip
              (4 damage)
             ... on level 2 of the Dungeon.
             The game lasted 00:01:38 (1218 turns).

Azzok the Chopper (Formicid Fighter)                Turns: 1218, Time: 00:01:39

Health: 0/41       AC:  6    Str: 21    XL:     5   Next: 3%
Magic:  5/5        EV:  7    Int:  8    God:
Gold:   65         SH:  9    Dex: 10    Spells: 4/4 levels left

rFire    . . .     SeeInvis +   a - +0 war axe
rCold    . . .     Gourm    .   c - +0 shield
rNeg     . . .     Faith    .   b - +0 scale mail
rPois    .         Spirit   .   (helmet unavailable)
rElec    .         Reflect  .   (no cloak)
rCorr    .         Harm     .   (no gloves)
MR       .....                  (no boots)
Stlth    ..........             (no amulet)
HPRegen  0.13/turn              (no ring)
MPRegen  0.09/turn              (no ring)

@: no status effects
A: permanent stasis, dig shafts and tunnels, four strong arms, antennae 3
a: Dig, Shaft Self


You were on level 2 of the Dungeon.
You were not hungry.

You visited 1 branch of the dungeon, and saw 2 of its levels.

You collected 65 gold pieces.

Inventory:

Hand Weapons
 a - a +0 war axe (weapon)
Armour
 b - a +0 scale mail (worn)
 c - a +0 shield (worn)
Scrolls
 e - 2 scrolls of identify {unknown}
 g - a scroll of fog {unknown}
 k - a scroll of remove curse {unknown}
 q - a scroll of teleportation {unknown}
 r - a scroll of magic mapping {unknown}
Potions
 d - a potion of might
 h - a potion of invisibility {unknown}
 i - a potion of degeneration {unknown}
 j - a potion of agility {unknown}
 l - a potion of cancellation {unknown}
 n - a potion of flight {unknown}
 o - 2 potions of lignification {unknown}
 p - 3 potions of ambrosia {unknown}
Comestibles
 f - a ration
 m - 4 chunks of flesh


   Skills:
 - Level 3.2 Fighting
 + Level 4.8 Axes
 - Level 3.2 Armour
 - Level 3.6 Shields


You had 4 spell levels left.
You didn't know any spells.
Your spell library was empty.

Dungeon Overview and Level Annotations

Branches:
Dungeon (2/15)

Altars:


Innate Abilities, Weirdness & Mutations

You cannot be hasted, slowed, berserked, paralysed or teleported.
You can dig through walls and to a lower floor.
Your four strong arms can wield two-handed weapons with a shield.
You have a pair of large antennae on your head. (SInv)


Message History

You block the gnoll's attack.
You slash the gnoll!
You kill the gnoll!
You have reached level 5!
You barely miss the jackal.
Your shield and scale mail prevent you from hitting the gnoll.
You block the jackal's attack. The gnoll hits you with a +0 whip!
* * * LOW HITPOINT WARNING * * *
The jackal bites you but does no damage.
The gnoll hits you but does no damage.
You closely miss the gnoll.
The gnoll is lightly wounded.
You hit the jackal.
The jackal bites you but does no damage.
The gnoll hits you but does no damage. You block the jackal's attack.
You slash the gnoll!
The gnoll is almost dead.
You closely miss the jackal. The jackal closely misses you.
The gnoll hits you with a +0 whip.
You die...

···▒▒·▒·($···········▒·)▒
▒··▒·············▒·▒▒··▒
·▒▒······(···········▒··▒
············÷······▒·▒··▒
▒······((·········▒·▒···
▒$······▒▒▒▒·▒▒▒··▒·▒··▒
▒····††)▒ ···▒ ▒[▒··÷···
▒·····hg▒▒·>·▒▒··▒······
▒·······@)····▒▒·········
····>············▒▒······
··!···········▒·▒ ▒······
······▒▒▒▒······ ▒······
······ ······ ·······
··(··▒ ······ ▒·▒▒▒▒▒▒
····▒ ····· ▒▒▒ ·····


You could see a gnoll and a jackal.

Vanquished Creatures
  5 gnolls (D:2)
  2 oozes
  A worm (D:2)
  2 dart slugs (D:1)
  2 leopard geckos
  A ball python (D:1)
  A giant cockroach (D:1)
  4 goblins
  A hobgoblin (D:1)
  7 jackals (D:2)
  4 kobolds
  2 bats
  3 rats
35 creatures vanquished.

Notes
Turn   | Place    | Note
-------+----------+-------------------------------------------
     0 | D:1      | Azzok the Formicid Fighter began the quest for the Orb.
     0 | D:1      | Reached XP level 1. HP: 18/18 MP: 1/1
     0 | D:1      | Noticed a large abomination
     0 | D:1      | Noticed a black draconian
     1 | D:1      | Noticed an orb of fire
     1 | D:1      | Noticed an orb of fire
     5 | D:1      | Noticed an ice dragon
     7 | D:1      | Noticed an orb of fire
     8 | D:1      | Noticed an iron dragon
    12 | D:1      | Noticed a shadow dragon
    12 | D:1      | Noticed a shadow dragon
    14 | D:1      | Noticed an iron dragon
    14 | D:1      | Noticed a tentacled monstrosity
    18 | D:1      | Noticed a large abomination
    18 | D:1      | Noticed an orb of fire
    20 | D:1      | Noticed an orb of fire
    47 | D:1      | Reached XP level 2. HP: 23/24 MP: 2/2
   377 | D:1      | Reached skill level 3 in Axes
   481 | D:1      | Reached XP level 3. HP: 21/29 MP: 3/3
   927 | D:2      | Reached skill level 4 in Axes
   927 | D:2      | Reached XP level 4. HP: 20/35 MP: 4/4
  1216 | D:2      | Reached XP level 5. HP: 13/41 MP: 5/5
  1218 | D:2      | Slain by a gnoll

Levels and vault maps discovered:
D:1:      shiori_arrival_whats_in_store_for_you, layout_rooms, minmay_cupped
D:2:      layout_rooms, eat_drink_and_be_merry_uskayaw, nrook_campfire,
          uniq_crazy_yiuf_cottage

Skill      XL: |  1  2  3 |
---------------+----------+-----
Axes           | 3 4 |  4.8
Fighting       | |  3.2
Armour         | |  3.2
Shields        | |  3.6

Action                   |  1- 3 |  4- 6 || total
-------------------------+-------+-------++-------
Melee: War axe           |    56 |    26 ||    82
 Stab: Distracted        |       |     1 ||     1
  Eat: Chunk             |       |     1 ||     1
Armor: Scale mail        |    61 |    14 ||    75
Dodge: Dodged            |    45 |    12 ||    57
Block: Shield            |    64 |    29 ||    93

Table legend:
 A = Non-vault XP
 B = Vault XP
 C = Vault XP percentage of total XP
 D = Non-vault monster count
 E = Vault monster count
 F = Vault count percentage of total count
                 A         B        C        D         E       F
            +---------+---------+-------+---------+---------+-------
      Total |     140 |       3 |   2.1 |      34 |       1 |   2.9
            +---------+---------+-------+---------+---------+-------
        D:1 |      28 |       3 |   9.7 |      11 |       1 |   8.3
        D:2 |     112 |       0 |   0.0 |      23 |       0 |   0.0
            +---------+---------+-------+---------+---------+-------
